 Dungeon Crawl Stone Soup version 0.18-a0-19-g8b99b3a (webtiles) character file.

70 Raultor the Cudgeler (level 4, -2/26 HPs)
             Began as a Gargoyle Gladiator on Nov 1, 2015.
             Slain by a goblin
             ... wielding a +2 dagger of venom
             ... led by Robin
              (3 damage)
             ... on level 2 of the Dungeon.
             The game lasted 00:02:31 (1005 turns).

Raultor the Cudgeler (Gargoyle Gladiator)           Turns: 1005, Time: 00:02:31

Health: -2/26      AC: 10    Str: 19    XL:     4   Next: 22%
Magic:  4/4        EV: 12    Int:  9    God:
Gold:   67         SH:  0    Dex: 10    Spells: 0 memorised, 3 levels left

rFire  . . .     SeeInvis .     a - +0 flail
rCold  . . .     Clarity  .     b - +0 leather armour
rNeg   + . .     SustAt   .     (no shield)
rPois  ∞         Gourm    .     c - +0 helmet
rElec  +         Spirit   .     l - +0 cloak
rCorr  .         Warding  .     i - +0 pair of gloves
rMut   .         Stasis   .     (no boots)
MR     .....                    (no amulet)
Stlth  +.........               (no ring)
                                (no ring)

@: not resistant to hostile enchantments, very unstealthy
A: negative energy resistance 1, electricity resistance, unbreathing,
petrification resistance, rot immunity, AC +3
a: no special abilities


You were on level 2 of the Dungeon.
You were hungry.

You visited 1 branch of the dungeon, and saw 2 of its levels.

You collected 67 gold pieces.

Inventory:

Hand Weapons
 a - a +0 flail (weapon)
Missiles
 d - 3 throwing nets (quivered)
Armour
 b - a +0 leather armour (worn)
 c - a +0 helmet (worn)
 i - a +0 pair of gloves (worn)
 l - a +0 cloak (worn)
Scrolls
 f - a scroll of blinking {unknown}
 g - a scroll of identify {unknown}
 m - a scroll of remove curse {unknown}
Potions
 j - a potion of heal wounds {unknown}
 n - a potion of flight {unknown}
Comestibles
 e - a bread ration
 h - a chunk of flesh
 k - a meat ration


   Skills:
 - Level 2.1 Fighting
 + Level 4.5 Maces & Flails
 - Level 1.7 Throwing
 + Level 1.5 Armour
 - Level 2.4 Dodging
 + Level 0.5 Stealth


You had 3 spell levels left.
You didn't know any spells.

Dungeon Overview and Level Annotations

Branches:
Dungeon (2/15)

Altars:


Innate Abilities, Weirdness & Mutations

You are resistant to torment.
Your stone body is resilient (AC +3).
You are immune to poison.
You resist negative energy.
You are resistant to electric shocks.
You can survive without breathing.
You are immune to petrification.
You are immune to rotting.


Message History

The adder is almost dead.
The adder bites you but does no damage. The goblin barely misses you.
The goblin misses you.
You closely miss the adder.
The adder is almost dead.
The adder bites you. The goblin misses you.
The goblin hits you but does no damage. The adder bites you.
You closely miss the adder.
The adder is almost dead.
The adder bites you.
* * * LOW HITPOINT WARNING * * *
The goblin hits you with an uncursed dagger of venom.
* * * LOW HITPOINT WARNING * * *
The goblin hits you.
* * * LOW HITPOINT WARNING * * *
You hit the goblin.
You kill the goblin!
The adder bites you but does no damage.
The goblin hits you with an uncursed dagger of venom.
You die...

#...........
#..†..#####. #
#.....#
...##...#####..
...............
....##....#####
....##...#.#
....#?....)####
#)# #((..(.†@g#
..
#.....###S......
........#
#......
.>.......#
.#...(
.........# # ...
.......... ..
.........# .
.##....##


You could see an adder and a goblin.

Vanquished Creatures
  Robin (D:2)
  An adder (D:2)
  2 oozes (D:1)
  A ball python (D:1)
  4 bats (D:1)
  10 goblins
  5 hobgoblins
  3 kobolds (D:1)
  3 giant cockroaches (D:1)
  3 giant newts (D:1)
  8 jackals
  4 rats
45 creatures vanquished.

Notes
Turn   | Place    | Note
--------------------------------------------------------------
     0 | D:1      | Raultor the Gargoyle Gladiator began the quest for the Orb.
     0 | D:1      | Reached XP level 1. HP: 12/12 MP: 1/1
    96 | D:1      | Reached XP level 2. HP: 9/17 MP: 2/2
   484 | D:1      | Reached XP level 3. HP: 21/21 MP: 3/3
   509 | D:1      | Reached skill level 4 in Maces & Flails
   553 | D:1      | Reached skill level 1 in Armour
   966 | D:2      | Noticed Robin
   984 | D:2      | Reached XP level 4. HP: 26/26 MP: 4/4
   997 | D:2      | Killed Robin
  1004 | D:2      | HP: 1/26 [goblin[Robin] (2)]
  1005 | D:2      | Slain by a goblin

Vault maps used:
D:1:      dpeg_arrival_prison, solitary_fountain
D:2:      first_bread, uniq_robin

Action                   |  1- 3 |  4- 6 || total
-------------------------+-------+-------++-------
Melee: Flail             |   129 |    20 ||   149
